 Dungeon Crawl Stone Soup version 0.17-a0-157-g289cc6a (webtiles) character file.

268 PolkaDot the Poker (level 6, -1/63 HPs)
             Began as an Octopode Fighter on Mar 27, 2015.
             Was an Initiate of Ashenzari.
             Slain by an ogre
             ... wielding a +0 giant club
              (16 damage)
             ... on level 4 of the Dungeon.
             The game lasted 00:06:19 (2357 turns).

PolkaDot the Poker (Octopode Fighter)               Turns: 2357, Time: 00:06:20

Health: -1/63      AC: 23    Str: 16    XL:     6   Next: 21%
Magic:  6/6        EV:  2    Int: 10    God:    Ashenzari [......]
Gold:   114        SH: 10    Dex: 18    Spells: 0 memorised, 5 levels left

rFire  . . .     SeeInvis .     a - +0 trident
rCold  . . .     Clarity  .     c - +0 shield
rNeg   + + +     SustAb   .     (helmet currently unavailable)
rPois  +         Gourm    .     (no amulet)
rElec  .         Spirit   .     (no ring)
rCorr  .         Warding  .     (no ring)
rMut   .         NoTele   +     (no ring)
MR     .....                    (no ring)
Stlth  +++.......               (no ring)
                                (no ring)
                                (no ring)
                                (no ring)

@: agile, tree-form, not resistant to hostile enchantments, fairly stealthy
A: almost no armour, amphibious, 8 rings, (constrict 8), (camouflage 0),
(gelatinous body 0)
a: Renounce Religion


You were on level 4 of the Dungeon.
You worshipped Ashenzari.
Ashenzari was noncommittal.
You were not hungry.
You were a tree.
You visited 1 branch of the dungeon, and saw 4 of its levels.

You collected 114 gold pieces.

Inventory:

Hand weapons
 a - a +0 trident (weapon)
Armour
 c - a +0 shield (worn)
Magical devices
 q - a wand of polymorph (1)
Scrolls
 f - 3 scrolls of curse jewellery
 g - a scroll of magic mapping
 h - 2 scrolls of blinking {unknown}
 l - a scroll of immolation {unknown}
 n - 2 scrolls of teleportation {unknown}
Potions
 m - a potion of degeneration {!q}
 p - a potion of restore abilities
Comestibles
 b - a beef jerky
 d - 2 bread rations
 i - 4 chunks of flesh
 j - a slice of pizza
 r - 2 fruits
 t - a meat ration


   Skills:
 - Level 3.0 Fighting
 * Level 4.4 Polearms
 + Level 4.2 Dodging
 + Level 4.4 Shields


You had 5 spell levels left.
You didn't know any spells.

Dungeon Overview and Level Annotations

Branches:
Dungeon (4/15)
 Temple: D:4-7

Altars:
Ashenzari
Xom
Yredelemnul

Annotations:
D:4 Pikaro's ghost, average TeAE


Innate Abilities, Weirdness & Mutations

You cannot wear most types of armour.
You are amphibious.
You can wear up to eight rings at the same time.
((You can use your tentacles to constrict many enemies at once.))
((Your skin changes colour to match your surroundings (Stealth).))
((Your rubbery body absorbs attacks (AC +1).))


Message History

You hit the ogre.
The ogre is moderately wounded.
The ogre hits you with a giant club.
* * * LOW HITPOINT WARNING * * *
You barely miss the ogre.
The ogre is moderately wounded.
You block the ogre's attack.
You hit the ogre.
The ogre is moderately wounded.
You hit the ogre.
The ogre is heavily wounded.
The ogre hits you but does no damage.
You barely miss the ogre.
The ogre is heavily wounded.
The ogre hits you with a giant club!
* * * LOW HITPOINT WARNING * * *
You hit the ogre.
The ogre is severely wounded.
The ogre hits you with a giant club!
You die...

#.#..#.# ###
#.##.#>#.....
#.#..........
#...)..#.....
###..### ##
####..#
#.....#
#%##O## # #♣#
#...# ∩
...#.# ...#.
.# ..##### ##


You could see an ogre.

Vanquished Creatures
  An ogre (D:4)
  An iguana (D:4)
  Terence (D:3)
  A gnoll (D:1)
  7 adders
  A worm (D:2)
  A giant gecko (D:2)
  An ooze (D:3)
  6 bats
  5 giant cockroaches
  8 hobgoblins
  4 jackals (D:3)
  A quokka (D:2)
  4 giant newts
  5 goblins
  12 kobolds
  8 rats
67 creatures vanquished.

Notes
Turn   | Place    | Note
--------------------------------------------------------------
     0 | D:1      | PolkaDot, the Octopode Fighter, began the quest for the Orb.
     0 | D:1      | Reached XP level 1. HP: 16/16 MP: 1/1
    63 | D:1      | Reached XP level 2. HP: 15/21 MP: 2/2
   235 | D:1      | Reached XP level 3. HP: 24/26 MP: 3/3
   684 | D:2      | Reached XP level 4. HP: 28/31 MP: 4/4
  1341 | D:3      | Found a shattered altar of Ashenzari.
  1351 | D:3      | Became a worshipper of Ashenzari the Shackled
  1545 | D:3      | Noticed Terence
  1619 | D:3      | Reached skill level 4 in Shields
  1619 | D:3      | Reached XP level 5. HP: 19/36 MP: 5/5
  1811 | D:3      | Killed Terence
  2258 | D:4      | Found a basalt altar of Yredelemnul.
  2259 | D:4      | Found a shimmering altar of Xom.
  2301 | D:4      | Noticed an ogre
  2308 | D:4      | Killed an ogre
  2308 | D:4      | Reached XP level 6. HP: 21/42 MP: 6/6
  2333 | D:4      | Noticed an ogre
  2340 | D:4      | Noticed Pikaro's ghost (average TeAE)
  2357 | D:4      | Slain by an ogre

Action                   |  1- 3 |  4- 6 || total
-------------------------+-------+-------++-------
Melee: Trident           |    57 |    99 ||   156
  Use: Scroll            |       |     5 ||     5
       Potion            |       |     5 ||     5
 Stab: Sleeping          |     8 |     6 ||    14
  Eat: Chunk             |       |     5 ||     5
